 Dungeon Crawl Stone Soup version 0.23-a0-650-ga4d50d4 (webtiles) character file.

45 Blackhawk the Skirmisher (level 3, 0/30 HPs)
             Began as a Vine Stalker Berserker on Jan 3, 2019.
             Was a Believer of Trog.
             Succumbed to an adder's poison
             ... on level 2 of the Dungeon.
             The game lasted 00:04:16 (1170 turns).

Blackhawk the Skirmisher (Vine Stalker Berserker)   Turns: 1170, Time: 00:04:16

Health: 0/30       AC:  2    Str: 25    XL:     3   Next: 64%
Magic:  0/4        EV: 12    Int:  7    God:    Trog [**....]
Gold:   67         SH:  6    Dex: 13    Spells: 2/2 levels left

rFire    . . .     SeeInvis .   a - +0 hand axe
rCold    . . .     Gourm    .   (no shield)
rNeg     . . .     Faith    .   b - +0 animal skin
rPois    .         Spirit   +   (no helmet)
rElec    .         Reflect  +   (no cloak)
rCorr    .         Harm     .   (no gloves)
MR       .....                  (no boots)
Stlth    ..........             e - +6 amulet of reflection
HPRegen  0.10/turn              (no ring)
MPRegen  0.09/turn              (no ring)

@: berserking, lethally poisoned (0 -> -13), very quick
A: fangs 2, magic shield, antimagic bite, no potion heal 3, rot immunity
a: Berserk, Trog's Hand, Renounce Religion


You were on level 2 of the Dungeon.
You worshipped Trog.
Trog was pleased with you.
You were near starving.

You visited 1 branch of the dungeon, and saw 2 of its levels.

You collected 67 gold pieces.

Inventory:

Hand Weapons
 a - a +0 hand axe (weapon)
Armour
 b - a +0 animal skin (worn)
Jewellery
 e - a +6 amulet of reflection (around neck)
Scrolls
 f - 2 scrolls of enchant armour {unknown}
 i - 3 scrolls of remove curse {unknown}
 j - 2 scrolls of identify {unknown}
 k - a scroll of magic mapping {unknown}
 m - a scroll of amnesia {unknown}
Potions
 d - a potion of curing {unknown}
 g - a potion of lignification {unknown}
 l - a potion of invisibility {unknown}
Comestibles
 c - 4 rations


   Skills:
 + Level 3.1 Fighting
 + Level 3.1 Axes
 + Level 2.1 Armour
 + Level 2.1 Dodging


You had 2 spell levels left.
You didn't know any spells.
Your spell library was empty.

Dungeon Overview and Level Annotations

Branches:
Dungeon (2/15)

Altars:


Innate Abilities, Weirdness & Mutations

You have extremely sharp teeth.
When hurt, damage is shared between your health and your magic reserves.
Your bite disrupts and absorbs the magic of your enemies.
Potions cannot restore your health.
You are immune to rotting.


Message History

You are lethally poisoned!
The adder poisons you!
A red film seems to cover your vision as you go berserk!
You feel yourself moving faster!
You feel mighty!
You are near starving!
* * * LOW HITPOINT WARNING * * *
You feel sick. The adder bites you.
* * * LOW HITPOINT WARNING * * *
You closely miss the adder.
The adder is almost dead.
The adder bites you.
* * * LOW HITPOINT WARNING * * *
You are more poisoned.
The adder poisons you!
You are too berserk!
Okay, then.
You hit the adder.
You kill the adder!
Trog accepts your kill.
You die...

.......... ...
.........# #.#
.........####.#
..............#
###...(###...#
#...#..#...#..#
#. #..#.⌠.#..#
.#≈≈#...#..#
#≈≈≈≈###≈.@#
≈≈≈≈≈≈≈≈...#
≈≈≈≈≈≈≈≈≈...#
###≈≈≈≈###≈..#
..#≈≈#...#..#
⌠.#. #.⌠.#..#
..#..#..÷#.##
##....###..####
..............#


There were no monsters in sight!

Vanquished Creatures
  An adder (D:2)
  A dart slug (D:1)
  4 leopard geckos
  3 hobgoblins (D:1)
  8 jackals (D:2)
  2 kobolds
  A bat (D:1)
  2 goblins
  6 rats (D:1)
28 creatures vanquished.

Notes
Turn   | Place    | Note
-------+----------+-------------------------------------------
     0 | D:1      | Blackhawk the Vine Stalker Berserker began the quest for
                  | the Orb.
     0 | D:1      | Reached XP level 1. HP: 11/11 MP: 2/2
   277 | D:1      | Reached XP level 2. HP: 12/16 MP: 3/3
  1113 | D:2      | Reached XP level 3. HP: 11/20 MP: 2/4
  1114 | D:2      | Reached ** piety under Trog
  1169 | D:2      | HP: 1/30 [adder (2)]
  1170 | D:2      | Succumbed to an adder's poison

Vault maps used:
D:1:      dpeg_arrival_rooms_b
D:2:      minivault_4, fountainhead, uniq_natasha

Skill      XL: |  1  2  3 |
---------------+----------+-----
Fighting       | 3 |  3.1
Axes           | 3 |  3.1
Dodging        | 2 |  2.1
Armour         | 2 |  2.1

Action                   || total
-------------------------++-------
Melee: Hand axe          ||    72
       Bite              ||    14
Invok: Berserk           ||     2
  Eat: Chunk             ||     1
Armor: Animal skin       ||     8
Dodge: Dodged            ||    40
Block: Other             ||    15

Table legend:
 A = Non-vault XP
 B = Vault XP
 C = Vault XP percentage of total XP
 D = Non-vault monster count
 E = Vault monster count
 F = Vault count percentage of total count
                 A         B        C        D         E       F
            +---------+---------+-------+---------+---------+-------
      Total |      65 |       0 |   0.0 |      28 |       0 |   0.0
            +---------+---------+-------+---------+---------+-------
        D:1 |      26 |       0 |   0.0 |      15 |       0 |   0.0
        D:2 |      39 |       0 |   0.0 |      13 |       0 |   0.0
            +---------+---------+-------+---------+---------+-------
